 Dungeon Crawl Stone Soup version 0.19.1-1-g22dce08 (webtiles) character file.

27 Patate the Sneak (level 2, 0/13 HPs)
             Began as a Spriggan Enchanter on Jan 15, 2017.
             Slain by a goblin
             ... wielding a +0 dagger
              (3 damage)
             ... on level 1 of the Dungeon.
             The game lasted 00:04:07 (1592 turns).

Patate the Sneak (Spriggan Enchanter)               Turns: 1592, Time: 00:04:07

Health: 0/13       AC:  3    Str:  4    XL:     2   Next: 93%
Magic:  1/6        EV: 18    Int: 16    God:
Gold:   52         SH:  0    Dex: 16    Spells: 2 memorised, 3 levels left

rFire  . . .     SeeInvis +     a - +1 dagger
rCold  . . .     Gourm    .     b - +1 robe
rNeg   . . .     Faith    .     (shield restricted)
rPois  .         Spirit   .     (helmet restricted)
rElec  .         Reflect  .     (no cloak)
rCorr  .         Harm     .     (gloves unavailable)
MR     .....                    (boots unavailable)
Stlth  +++.......               (no amulet)
                                (no ring)
                                (no ring)

@: very quick
A: unfitting armour, see invisible, herbivore 3, speed 3, slow metabolism 2
a: no special abilities


You were on level 1 of the Dungeon.
You were not hungry.

You visited 1 branch of the dungeon, and saw 1 of its levels.

You collected 52 gold pieces.

Inventory:

Hand Weapons
 a - a +1 dagger (weapon)
Armour
 b - a +1 robe (worn)
Jewellery
 h - an uncursed ring of wizardry {unknown}
Scrolls
 f - a scroll of magic mapping {unknown}
 g - a scroll of identify {unknown}
 i - 2 scrolls of fear {unknown}
Potions
 e - a potion of magic {unknown}
 j - a potion of haste {unknown}
Books
 c - a book of Maledictions

   Spells                             Type                      Level
   a - Corona                         Hexes                        1
   b - Ensorcelled Hibernation        Hexes/Ice                    2
   c - Confuse                        Hexes                        3
   d - Tukima's Dance                 Hexes                        3
   e - Dazzling Spray                 Conjuration/Hexes            3
Comestibles
 d - 2 bread rations


   Skills:
 - Level 1.1 Short Blades
 - Level 3.0 Dodging
 + Level 6.3 Stealth
 - Level 2.6 Spellcasting
 - Level 3.6 Hexes


You had 3 spell levels left.
You knew the following spells:

 Your Spells              Type           Power        Failure   Level  Hunger
a - Corona                Hex            ##.....      6%          1    #......
b - Ensorcelled Hibernat  Hex/Ice        #.....       17%         2    ##.....


Dungeon Overview and Level Annotations

Branches:
Dungeon (1/15)

Altars:


Innate Abilities, Weirdness & Mutations

You are very small and have problems with some larger weapons.
You are too small for most types of armour.
You have supernaturally acute eyesight. (SInv)
You are a herbivore.
You cover ground extremely quickly.
You need consume almost no food.


Message History

The goblin is heavily wounded.
The goblin completely misses you.
You hit the goblin.
The goblin is severely wounded.
The goblin hits you with a dagger.
* * * LOW HITPOINT WARNING * * *
You hit the goblin but do no damage.
The goblin is severely wounded.
The goblin misses you.
Casting: Ensorcelled Hibernation
Confirm with . or Enter, or press ? or * to list all spells.
You don't have enough magic to cast that spell.
Unknown command.
You barely miss the goblin.
The goblin is severely wounded.
The goblin misses you.
You closely miss the goblin.
The goblin is severely wounded.
The goblin hits you with a dagger.
You die...

#.# ........# #.#
#........g# #.#
#.........# #.#
#####.........# #.#
...........g..# #.#
.........)....# #.#
.........(....####.#
.......##.....†g@..#
§≈...†.#############
≈§≈≈...# §≈≈≈≈..#
§≈≈)...# ≈≈≈....#
≈≈.....# ≈≈....)#
≈......#


You could see a goblin.

Vanquished Creatures
  A leopard gecko (D:1)
  3 bats (D:1)
  5 goblins (D:1)
  3 hobgoblins (D:1)
  2 jackals (D:1)
  2 kobolds (D:1)
  A frilled lizard (D:1)
  7 rats (D:1)
24 creatures vanquished.

Vanquished Creatures (others)
  2 goblins (D:1)
  A jackal (D:1)
  A frilled lizard (D:1)
4 creatures vanquished.

Grand Total: 28 creatures vanquished

Notes
Turn   | Place    | Note
-------+----------+-------------------------------------------
     0 | D:1      | Patate the Spriggan Enchanter began the quest for the Orb.
     0 | D:1      | Reached XP level 1. HP: 9/9 MP: 5/5
    72 | D:1      | Reached skill level 5 in Stealth
   141 | D:1      | Reached XP level 2. HP: 2/13 MP: 6/6
   974 | D:1      | Learned a level 2 spell: Ensorcelled Hibernation
  1309 | D:1      | Reached skill level 6 in Stealth
  1592 | D:1      | Slain by a goblin

Skill      XL: |  1  2 |
---------------+-------+-----
Stealth        | 5 6 |  6.3
Short Blades   | |  1.1
Dodging        | |  3.0
Spellcasting   | |  2.6
Hexes          | |  3.6

Action                   || total
-------------------------++-------
Melee: Dagger            ||   120
 Cast: Ensorcelled Hiber ||     4
 Stab: Sleeping          ||     5
       Distracted        ||     1
Armor: Robe              ||    18
Dodge: Dodged            ||    98
